 Dungeon Crawl Stone Soup version 0.27-a0-1219-g958d993ae5 (webtiles) character file.

Game seed: 281767866182520895

58 polve the Cutter (level 3, 0/29 HPs)
             Began as a Demonspawn Abyssal Knight on June 6, 2021.
             Was a Follower of Lugonu.
             Slain by a goblin
             ... wielding a +2 dagger of speed
             ... led by Robin
              (4 damage)
             ... on level 2 of the Dungeon.
             The game lasted 00:01:28 (1487 turns).

polve the Cutter (Demonspawn Abyssal Knight)        Turns: 1487, Time: 00:01:29

Health: 0/29       AC:  8    Str: 12    XL:     3   Next: 76%
Magic:  4/4        EV:  5    Int: 16    God:    Lugonu [*.....]
Gold:   110        SH:  0    Dex: 12    Spells: 2/2 levels left

rFire    . . .     SeeInvis .   a - +1 short sword
rCold    . . .     Faith    .   (no shield)
rNeg     . . .     Spirit   .   e - +0 chain mail
rPois    .         Reflect  .   (no helmet)
rElec    .         Harm     .   (no cloak)
rCorr    .         Rampage  .   (no gloves)
Will     .....                  (no boots)
Stlth    ..........             (no amulet)
HPRegen  0.09/turn              (no ring)
MPRegen  0.09/turn              (no ring)

@: no status effects
A: hooves 1, big brain 1
a: Renounce Religion, Depart the Abyss


You were on level 2 of the Dungeon.
You worshipped Lugonu.
Lugonu was aware of your devotion.
You visited 1 branch of the dungeon, and saw 2 of its levels.
You visited the Abyss 1 time.

You collected 110 gold pieces.

Inventory:

Hand Weapons
 a - a +1 short sword (weapon)
Armour
 b - a +0 leather armour
 e - a +0 chain mail (worn)
Scrolls
 c - a scroll of identify {unknown}
 f - a scroll of noise {unknown}
Potions
 d - a potion of might {unknown}
 g - a potion of ambrosia {unknown}


   Skills:
 - Level 3.0 Fighting
 + Level 3.8 Short Blades
 - Level 1.7 Armour
 - Level 0.8 Dodging
 - Level 2.4 Invocations


You had 2 spell levels left.
You didn't know any spells.
Your spell library contained the following spells:

 Spells                   Type           Power      Damage    Failure   Level
 Summon Small Mammal      Summ           0%         N/A       100%        1
 Call Imp                 Summ           0%         N/A       100%        2
 Call Canine Familiar     Summ           0%         N/A       100%        3
 Summon Guardian Golem    Hex/Summ       0%         N/A       100%        3
 Summon Ice Beast         Ice/Summ       0%         N/A       100%        4
 Summon Lightning Spire   Summ/Air       0%         N/A       100%        4


Dungeon Overview and Level Annotations

Branches:
Dungeon (2/15)

Altars:

Annotations:
D:2 Robin


Innate Abilities, Weirdness & Mutations

You have large cloven feet.
You have an unusually large brain. (Int +2)


Message History

The goblins go into a battle-frenzy!
The goblin hits you but does no damage.
You hear a shout!
The goblin hits you but does no damage.
Robin's horned helmet rattles.
Robin throws the goblin at you! The goblin hits you but does no damage.
The goblin barely misses you.
The goblin no longer looks unusually strong.
You hit the hobgoblin.
The hobgoblin is moderately wounded.
The goblin no longer looks unusually strong.
The hobgoblin no longer looks unusually strong.
The hobgoblin hits you but does no damage.
The goblin no longer looks unusually strong.
You completely miss the hobgoblin.
The hobgoblin is moderately wounded.
The hobgoblin completely misses you.
You hit the hobgoblin.
You kill the hobgoblin!
Lugonu accepts your kill.
You closely miss the goblin. The goblin hits you but does no damage.
You hit the goblin but do no damage. You kick the goblin.
The goblin is heavily wounded.
The goblin hits you but does no damage.
You hit the goblin. You kick the goblin.
You kill the goblin!
Lugonu accepts your kill.
You hit the goblin.
You kill the goblin!
Lugonu accepts your kill.
Your chain mail prevents you from hitting the goblin.
You kick the goblin.
You kill the goblin!
Lugonu accepts your kill.
You hit the goblin.
The goblin is almost dead.
The goblin hits you with a +2 dagger of speed.
* * * LOW HITPOINT WARNING * * *
The goblin hits you with a +2 dagger of speed.
You die...

#.....†...).............##
##########...#.####...#...##
#..........†...............+
#.###...#....########.#....###
#.# #...#...>........g....g...
#.# #........#####...##.......
#.# #...#......# #g..##.......
#.############.# #...######...
#.......# #.@.# #...# #...
#######.# #g#####g..# #### #.#
#g.gg.gg..# #.# ########..#
#.# #.......# #.# #.#####.#
#.# #.#####.# #.######.#<....#
#........#######


You could see Robin and a goblin.

Vanquished Creatures
  A gnoll (D:1)
  A dart slug (D:1)
  3 bats
  3 endoplasms (D:1)
  2 giant cockroaches (D:1)
  9 goblins
  4 hobgoblins
  7 jackals
  3 kobolds
  3 ball pythons (D:1)
  3 rats
39 creatures vanquished.

Notes
Turn   | Place    | Note
-------+----------+-------------------------------------------
     0 | Abyss:1  | polve the Demonspawn Abyssal Knight began the quest for the
                  | Orb.
     0 | Abyss:1  | Reached XP level 1. HP: 18/18 MP: 2/2
   126 | Abyss:1  | Noticed a tentacled starspawn
   127 | D:1      | Escaped the Abyss
   326 | D:1      | Reached * piety under Lugonu
   408 | D:1      | Gained mutation: You have an unusually large brain. (Int
                  | +2) [demonic ancestry]
   408 | D:1      | Reached XP level 2. HP: 17/24 MP: 3/3
   979 | D:1      | Gained mutation: You have large cloven feet. [demonic
                  | ancestry]
   979 | D:1      | Reached XP level 3. HP: 25/29 MP: 4/4
  1419 | D:2      | Noticed Robin
  1487 | D:2      | Slain by a goblin

Illustrated notes

Levels and vault maps discovered:
D:1:      doesnt_arrival_eight_statues, layout_basic, minivault_19
D:2:      layout_basic, amethyst_killhole, uniq_robin

Skill      XL: |  1  2 |
---------------+-------+-----
Short Blades   | 2 3 |  3.8
Fighting       | |  3.0
Armour         | |  1.7
Dodging        | |  0.8
Invocations    | |  2.4

Action                   || total
-------------------------++-------
Melee: Short sword       ||   134
       Kick              ||    14
Invok: Depart the Abyss  ||     1
Armor: Leather armour    ||    13
       Chain mail        ||    65
Dodge: Dodged            ||    52

Table legend: (Time is in decaauts)
 A = Elapsed time spent in this place.
 B = Non-inter-level travel time spent in this place.
 C = Inter-level travel time spent in this place.
 D = Time resting spent in this place.
 E = Time spent auto-exploring this place.
 F = Levels seen in this place.
 G = Mean time per level.
                   A        B        C        D        E       F      G
               +--------+--------+--------+--------+--------+-----+--------+
         Total |   1479 |   1465 |     14 |      0 |   1184 |   3 |  493.0 |
       Dungeon |   1352 |   1338 |     14 |      0 |   1058 |   2 |  676.0 |
         Abyss |    127 |    127 |      0 |      0 |    126 |   1 |  127.0 |
               +--------+--------+--------+--------+--------+-----+--------+

Top non-repeatable levels by time:
     D:1: 1093 daAuts
     D:2: 259 daAuts
 Abyss:1: 127 daAuts
